 Dungeon Crawl Stone Soup version 0.19-a0-687-g35db334 (webtiles) character file.

559 4thArraOfDagon the Skirmisher (level 7, -2/56 HPs)
             Began as a Mummy Hunter on May 3, 2016.
             Slain by Sigmund
             ... wielding a +0 scythe
              (3 damage)
             ... on level 6 of the Dungeon on June 18, 2016.
             The game lasted 00:20:32 (3148 turns).

4thArraOfDagon the Skirmisher (Mummy Hunter)        Turns: 3148, Time: 00:20:32

Health: -2/56      AC: 10    Str: 16    XL:     7   Next: 9%
Magic:  7/7        EV: 11    Int: 12    God:
Gold:   287        SH:  0    Dex: 12    Spells: 0 memorised, 6 levels left

rFire  x . .     SeeInvis .     h - +1 dagger (curse)
rCold  + . .     Gourm    .     i - +0 ring mail
rNeg   + + +     Faith    +     (no shield)
rPois  ∞         Spirit   .     (no helmet)
rElec  .         Dismiss  .     m - +1 cloak (curse)
rCorr  .         Reflect  .     (no gloves)
SustAt .         Harm     .     (no boots)
MR     .....                    g - amulet of faith
Stlth  +.........               o - +3 ring of protection
                                n - ring of flight (curse)

@: not resistant to hostile enchantments, very unstealthy
A: no food or potions, fire vulnerability, cold resistance 1, negative energy
resistance 3, torment resistance, unbreathing
a: Evoke Flight


You were on level 6 of the Dungeon.
You were not hungry.

You visited 2 branches of the dungeon, and saw 7 of its levels.
You also visited: Sewer.

You collected 287 gold pieces.

Inventory:

Hand Weapons
 a - a +1 hand crossbow
 b - a +0 short sword
 h - a cursed +1 dagger (weapon)
 j - a +0 war axe
 q - a +0 blowgun
 r - a +1 dagger of venom
Missiles
 d - 102 bolts
 e - 9 curare-tipped needles
Armour
 c - a +0 leather armour
 i - a +0 ring mail (worn)
 m - a cursed +1 cloak (worn)
 w - a +1 cloak
Jewellery
 g - an amulet of faith (around neck)
 n - a cursed ring of flight (left hand)
 o - a +3 ring of protection (right hand)
 s - an uncursed amulet of dismissal
 y - an uncursed ring of protection from magic
Wands
 f - a wand of flame (23/48)
 v - a wand of random effects (14/48)
Scrolls
 l - a scroll of noise
 p - 2 scrolls of random uselessness
 t - a scroll of enchant armour
 u - a scroll of enchant weapon


   Skills:
 + Level 5.1 Fighting
 - Level 3.0 Axes
 - Level 4.0 Crossbows
 + Level 2.3 Armour
 - Level 1.5 Dodging
 - Level 0.7 Stealth


You had 6 spell levels left.
You didn't know any spells.

Dungeon Overview and Level Annotations

Branches:
Dungeon (6/15)             Temple (1/1) D:5

Altars:
Ashenzari
Cheibriados
Elyvilon
Fedhas
Gozag
Kikubaaqudgha
Makhleb
Nemelex Xobeh
Pakellas
Qazlal
Ru
Sif Muna
Trog
Vehumet
Xom
Yredelemnul
Zin
The Shining One

Annotations:
D:1 exclusion: door
D:3 Terence
D:4 Aquadorian's ghost, amateur DsGl
D:5 tstbtto's ghost, novice CeBe
D:6 Sigmund


Innate Abilities, Weirdness & Mutations

You do not eat or drink.
Your flesh is vulnerable to fire.
You are immune to poison.
Your flesh is cold resistant. (rC+)
You are immune to negative energy. (rN+++)
You are immune to unholy pain and torment.
You can survive without breathing.


Message History

Zapping:
v - a wand of random effects (2/48)
Press: ? - help, Shift-Dir - straight line Nothing appears to happen.
This wand has 1 charge left.
Something hits you.
* * * LOW HITPOINT WARNING * * *
Evoke which item? (* to show all) (? for menu, Esc to quit)
Zapping:
v - a wand of random effects (1/48)
Press: ? - help, Shift-Dir - straight line You hear a mighty clap of thunder!
The bolt of lightning hits something.
This wand has 0 charges left.
You hear a shout! x3; You hear a loud, deep croak!
Something hits you but does no damage.
Okay, then.
Evoke which item? (* to show all) (? for menu, Esc to quit)
Okay, then.
Unknown command.
Charge which item? (? for menu, Esc to quit)
As you read the scroll of recharging, it crumbles to dust.
Your wand of random effects (0/48) glows for a moment and now has 14 charges.
Something hits you.
You die...

##.###......
#.##.....## ..#
###...# ..# #..###
#.######...!#
...#.##........#
##..#.##........#
##...............#
#.............{.@#
#...........######
#...........#
#...........#
#...$!....##
##...#...##
#########


There were no monsters in sight!

Vanquished Creatures
  A black bear (D:5)
  A giant frog (D:6)
  A scorpion (D:4)
  5 killer bees (D:5)
  A giant frog skeleton (D:5)
  7 adders
  An ooze (D:4)
  2 giant geckos
  2 orcs
  3 ball pythons
  4 giant cockroaches
  4 hobgoblins
  3 quokkas
  2 bats
  7 giant newts
  3 goblins
  5 kobolds
  3 rats
55 creatures vanquished.

Vanquished Creatures (others)
  A crimson imp (D:6)
1 creature vanquished.

Grand Total: 56 creatures vanquished

Notes
Turn   | Place    | Note
--------------------------------------------------------------
     0 | D:1      | 4thArraOfDagon the Mummy Hunter began the quest for the Orb.
     0 | D:1      | Reached XP level 1. HP: 16/16 MP: 1/1
     0 | D:1      | M4edhros: hi there
     0 | D:1      | 4thArraOfDagon: hi
     0 | D:1      | 4thArraOfDagon: hey
     0 | D:1      | M4edhros: so hard to find people playing speedruns
     0 | D:1      | 4thArraOfDagon: what happened with dcss bot
     0 | D:1      | M4edhros: oh, no idea
     0 | D:1      | M4edhros: bimm?
     0 | D:1      | 4thArraOfDagon: ye
     0 | D:1      | M4edhros: didnt see him
     0 | D:1      | M4edhros: did u use him even?
     0 | D:1      | 4thArraOfDagon: !beem subscribe
     0 | D:1      | 4thArraOfDagon: ye, occasionally
     0 | D:1      | 4thArraOfDagon: well i'm not going to play anytime soon
     0 | D:1      | 4thArraOfDagon: not until tournament
     0 | D:1      | M4edhros: i get it
     0 | D:1      | M4edhros: do u play in any clan?
     0 | D:1      | 4thArraOfDagon: idk yet
     0 | D:1      | 4thArraOfDagon: will probably join bloax's one
     0 | D:1      | 4thArraOfDagon: how about you?
     0 | D:1      | 4thArraOfDagon: any plans?
     0 | D:1      | M4edhros: it could be fun, never played in clan
     0 | D:1      | M4edhros: i am just pushing myself with speedruns and getting some results
     0 | D:1      | 4thArraOfDagon: that's good
     0 | D:1      | 4thArraOfDagon: possibly you could join us by occasion?
     0 | D:1      | M4edhros: it would be great if its possible
     0 | D:1      | 4thArraOfDagon: yea, i'm quite sure it is
     0 | D:1      | 4thArraOfDagon: i'll talk with bloax then
     0 | D:1      | 4thArraOfDagon: and catch you later
     0 | D:1      | M4edhros: great, thanks
     0 | D:1      | 4thArraOfDagon: cya
     0 | D:1      | M4edhros: cya
     0 | D:1      | Upgraded the game from 0.19-a0-36-g4a0968a to 0.19-a0-45-g2c295ea
     0 | D:1      | 4thArraOfDagon: hi
     0 | D:1      | Upgraded the game from 0.19-a0-45-g2c295ea to 0.19-a0-687-g35db334
   379 | D:2      | Found a basalt altar of Yredelemnul.
   409 | D:2      | Reached XP level 2. HP: 4/22 MP: 2/2
  1040 | D:3      | Found a glowing drain.
  1062 | D:4      | Noticed Aquadorian's ghost (amateur DsGl)
  1153 | D:3      | Found a sparkling altar of Nemelex Xobeh.
  1192 | Sewer    | Entered a sewer
  1222 | Sewer    | 4thArraOfDagon: hiii
  1223 | Sewer    | Kenran: good morning^^
  1275 | Sewer    | Reached XP level 3. HP: 23/27 MP: 3/3
  1387 | Sewer    | Reached skill level 1 in Axes
  1450 | Sewer    | Kenran: is that the normal mummy tile? I never play Mu
  1451 | Sewer    | 4thArraOfDagon: idk, they seem to changed it recently
  1451 | Sewer    | 4thArraOfDagon: i havent played in a while
  1589 | D:3      | Noticed Terence
  1607 | D:3      | magipi: hey
  1632 | D:4      | Noticed a scorpion
  1645 | D:3      | 4thArraOfDagon: hey
  1706 | D:3      | magipi: man, you disappeared at hte middle of the tournament :D
  1711 | D:3      | 4thArraOfDagon: yeah
  1711 | D:3      | 4thArraOfDagon: but i had too
  1711 | D:3      | 4thArraOfDagon: to*
  1724 | D:3      | Reached XP level 4. HP: 22/33 MP: 4/4
  1814 | D:3      | magipi: ?
  1814 | D:3      | magipi: life?
  1814 | D:3      | 4thArraOfDagon: im still not fancy playing anymore
  1814 | D:3      | 4thArraOfDagon: ya
  1852 | D:3      | Found a glowing golden altar of the Shining One.
  1852 | D:3      | Found a sacrificial altar of Ru.
  2070 | D:3      | magipi: have you tried uskayaw or whatyacallit yet?
  2126 | D:4      | magipi: sounds like a speedrunner god
  2198 | D:4      | Noticed an ogre
  2221 | D:4      | 4thArraOfDagon: didnt hear of this
  2304 | D:4      | 4thArraOfDagon: is it good for mummy?
  2377 | D:4      | magipi: i guess yes
  2442 | D:4      | Reached XP level 5. HP: 38/38 MP: 5/5
  2509 | D:4      | magipi: as long as you can empley "mummy" and "good" in the same sentence :D
  2528 | D:5      | Entered Level 5 of the Dungeon
  2554 | D:5      | Found a staircase to the Ecumenical Temple.
  2560 | Temple   | Entered the Ecumenical Temple
  2561 | Temple   | 4thArraOfDagon: :)
  2593 | Temple   | 4thArraOfDagon: uskayaw
  2593 | Temple   | magipi: what about kiku now?
  2593 | Temple   | 4thArraOfDagon: i wanna try this uskayaw
  2593 | Temple   | 4thArraOfDagon: or helpiaqlqkane
  2657 | D:6      | Noticed a wasp
  2714 | D:6      | Noticed a centaur
  2904 | D:5      | Reached skill level 3 in Fighting
  2983 | D:5      | Noticed an ogre
  2986 | D:5      | Noticed a black bear
  2986 | D:5      | an ogre changed into a black bear
  3004 | D:5      | Killed a black bear
  3004 | D:5      | Reached skill level 4 in Fighting
  3004 | D:5      | Reached XP level 6. HP: 36/48 MP: 6/6
  3017 | D:5      | magipi: int, huh?
  3031 | D:5      | Reached skill level 1 in Armour
  3053 | D:5      | Found an opulent altar of Gozag.
  3076 | D:5      | Noticed tstbtto's ghost (novice CeBe)
  3112 | D:6      | Noticed an orc warrior
  3114 | D:6      | Found a radiant altar of Vehumet.
  3126 | D:6      | Noticed Sigmund
  3127 | D:6      | magipi: oh, nice
  3143 | D:6      | Reached skill level 5 in Fighting
  3143 | D:6      | Reached XP level 7. HP: 13/56 MP: 7/7
  3146 | D:6      | HP: 1/56 [something (3)]
  3148 | D:6      | Slain by Sigmund

Vault maps used:
D:1:      minmay_arrival_nine_rooms, hangedman_decor_riveting
D:2:      lemuel_crystal_altar, first_bread, minmay_fountain_box
D:3:      gammafunk_temple_overflow_wave, nemelex_xobeh_ov_fountains_minmay,
          portal_sewer_entry_b, kennysheep_boxes, uniq_terence
D:5:      grunt_gozag_statues, minmay_temple_entry_hall
D:6:      vehumet_crystals, okawaru_altar_gauntlet_db, uniq_sigmund
Temple:   triangle_lava_temple_12
Sewer:    sewer_co_cracked_pipes

Skill      XL: |  1  2  3  4  5  6 |
---------------+-------------------+-----
Crossbows      | 4 |  4.0
Axes           | 1 3 |  3.0
Fighting       | 4 5 |  5.1
Armour         | 2 |  2.3
Dodging        | |  1.5
Stealth        | |  0.7

Action                   |  1- 3 |  4- 6 |  7- 9 || total
-------------------------+-------+-------+-------++-------
Melee: Dagger            |   139 |   147 |       ||   286
       Short sword       |     2 |       |       ||     2
 Fire: Hand crossbow     |     5 |       |       ||     5
Evoke: Wand              |       |    24 |     5 ||    29
  Use: Scroll            |     8 |     8 |     1 ||    17
 Stab: Confused          |       |     2 |       ||     2
       Paralysed         |       |     1 |       ||     1
Armor: Ring mail         |    48 |    82 |     2 ||   132
       Leather armour    |     2 |       |       ||     2
Dodge: Dodged            |    95 |    87 |       ||   182
